 Dungeon Crawl Stone Soup version 0.28-a0-1429-gf3d713df7a (webtiles) character file.

Game seed: 16394972677315793602

301 shadowrider38 the Skirmisher (level 6, 0/56 HPs)
             Began as a Minotaur Fighter on Jan 9, 2022.
             Succumbed to an orc wizard's poison
             ... on level 4 of the Dungeon.
             The game lasted 00:02:51 (2674 turns).

shadowrider38 the Skirmisher (Minotaur Fighter)     Turns: 2674, Time: 00:02:52

Health: 0/56       AC:  9    Str: 23    XL:     6   Next: 14%
Magic:  5/5        EV:  7    Int:  5    God:
Gold:   97         SH:  4    Dex:  9    Spells: 5/5 levels left

rFire   . . .      SeeInvis .   a - +0 war axe
rCold   . . .      Faith    .   c - +0 buckler
rNeg    . . .      Spirit   .   t - +0 chain mail
rPois   .          Reflect  .   (helmet restricted)
rElec   .          Harm     .   (no cloak)
rCorr   .          Rampage  .   (no gloves)
Will    .....                   (no boots)
Stlth   ..........              (no amulet)
HPRegen 0.18/turn               (no ring)
MPRegen 0.09/turn               (no ring)

@: lethally poisoned (0 -> -13)
A: horns 2, retaliatory headbutt
a: no special abilities


You were on level 4 of the Dungeon.
You visited 1 branch of the dungeon, and saw 4 of its levels.

You collected 97 gold pieces.

Inventory:

Hand Weapons
 a - a +0 war axe (weapon)
 n - a +1 dagger of venom
 o - a +0 flail
Armour
 c - a +0 buckler (worn)
 t - a +0 chain mail (worn)
Jewellery
 q - a ring of fire
Scrolls
 f - a scroll of fear {unknown}
 g - a scroll of enchant armour {unknown}
 h - 3 scrolls of teleportation {unknown}
 i - 4 scrolls of vulnerability {unknown}
 j - 2 scrolls of fog {unknown}
 k - a scroll of noise {unknown}
 m - 3 scrolls of magic mapping {unknown}
 p - a scroll of summoning {unknown}
 r - a scroll of identify {unknown}
 s - 2 scrolls of amnesia {unknown}
Potions
 d - a potion of might
 e - 3 potions of curing {unknown}
 l - a potion of degeneration {unknown}


   Skills:
 + Level 5.2 Fighting
 + Level 4.4 Axes
 + Level 5.2 Armour
 + Level 5.1 Shields


You had 5 spell levels left.
You didn't know any spells.
Your spell library contained the following spells:

 Spells                   Type           Power      Damage    Failure   Level
 Animate Dead             Necr           0%         N/A       100%        4
 Haunt                    Necr/Summ      0%         N/A       100%        7
 Infestation              Necr           0%         N/A       100%        8


Dungeon Overview and Level Annotations

Branches:
Dungeon (4/15)
 Temple: D:4-7

Altars:
Makhleb


Innate Abilities, Weirdness & Mutations

You have a pair of horns on your head.
You reflexively headbutt those who attack you in melee.


Message History

The orc throws a boomerang.
The boomerang hits you but does no damage.
Something hits you but does no damage.
You are more poisoned.
You miss something.
You feel very sick. Something completely misses you.
The orc throws a boomerang.
The boomerang hits you but does no damage.
You slash something! Your headbutt misses something.
You feel very sick. Something hits you but does no damage.
You are more poisoned.
The orc throws a boomerang.
The boomerang hits you.
You miss something.
You feel very sick. Something hits you but does no damage.
You are more poisoned.
Something hits you but does no damage.
You barely miss something. You headbutt something.
You feel very sick. You block the giant cockroach's attack. Something hits you.
You are lethally poisoned!
You closely miss something. You closely miss the giant cockroach.
* * * LOW HITPOINT WARNING * * *
You feel extremely sick. The giant cockroach barely misses you.
You hear some strange, mumbled words.
Something tries to affect you, but you resist.
You block the giant cockroach's attack.
You hit something. Your headbutt misses something. You hit the giant cockroach.
* * * LOW HITPOINT WARNING * * *
You feel very sick. Something hits you.
* * * LOW HITPOINT WARNING * * *
You block the giant cockroach's attack.
You slash something!
Reactivating autopickup.
You feel a bit more experienced.
You slash the giant cockroach!
You kill the giant cockroach!
You die...

#... ###.#.#
.... #.#.#####.
.....
##.........
..####....#.....
.........## ...
..####...# .
.........#
..#######..#
..!....@)o.#
..#######..#
#######..#
#........#
#....o...##.#
#...).....(..
#........##.#
#......o#.......
#....$..#....###


You could see an orc.

Vanquished Creatures
  A black bear (D:4)
  A wyvern skeleton (D:4)
  2 orc wizards (D:4)
  3 gnolls (D:2)
  2 adders
  A worm (D:2)
  2 dart slugs (D:3)
  2 orcs
  5 ball pythons
  10 endoplasms
  5 giant cockroaches
  3 goblins
  7 hobgoblins
  4 jackals (D:1)
  7 kobolds
  4 quokkas
  8 bats
  3 frilled lizards
  3 rats
73 creatures vanquished.

Notes
Turn   | Place    | Note
-------+----------+-------------------------------------------
     0 | D:1      | shadowrider38 the Minotaur Fighter began the quest for the
                  | Orb.
     0 | D:1      | Reached XP level 1. HP: 19/19 MP: 0/0
    75 | D:1      | Reached XP level 2. HP: 18/27 MP: 1/1
   655 | D:1      | Reached XP level 3. HP: 33/33 MP: 2/2
  1215 | D:2      | Reached XP level 4. HP: 41/41 MP: 3/3
  1986 | D:3      | Found a burning altar of Makhleb.
  1988 | D:3      | Noticed a cacodemon
  2404 | D:4      | Noticed a black bear
  2408 | D:4      | Killed a black bear
  2409 | D:4      | Reached XP level 5. HP: 47/47 MP: 4/4
  2514 | D:4      | Reached skill level 5 in Fighting
  2514 | D:4      | Reached skill level 5 in Armour
  2514 | D:4      | Reached skill level 5 in Shields
  2643 | D:4      | Reached XP level 6. HP: 56/56 MP: 5/5
  2674 | D:4      | Succumbed to an orc wizard's poison

Illustrated notes

Levels and vault maps discovered:
D:1:      dpeg_arrival_orchard, layout_loops_ring
D:2:      layout_basic, minmay_misc_feat_tiny, lemuel_flame_loot_1
D:3:      layout_basic, makhleb_altar_promises_db
D:4:      layout_basic, kennysheep_cross_bottleneck

Skill      XL: |  1  2  3  4  5 |
---------------+----------------+-----
Fighting       | 4 5 |  5.2
Armour         | 4 5 |  5.2
Shields        | 4 5 |  5.1
Axes           | 3 4 |  4.4

Action                   |  1- 3 |  4- 6 || total
-------------------------+-------+-------++-------
Melee: War axe           |    73 |    71 ||   144
       Headbutt          |     6 |    13 ||    19
Armor: Scale mail        |    42 |    18 ||    60
       Chain mail        |       |    19 ||    19
Dodge: Dodged            |    37 |    27 ||    64
Block: Buckler           |    25 |    15 ||    40

Table legend: (Time is in decaauts)
 A = Elapsed time spent in this place.
 B = Non-inter-level travel time spent in this place.
 C = Inter-level travel time spent in this place.
 D = Time resting spent in this place.
 E = Time spent auto-exploring this place.
 F = Levels seen in this place.
 G = Mean time per level.
                   A        B        C        D        E       F      G
               +--------+--------+--------+--------+--------+-----+--------+
         Total |   2726 |   2604 |    122 |    505 |   1662 |   4 |  681.5 |
       Dungeon |   2726 |   2604 |    122 |    505 |   1662 |   4 |  681.5 |
               +--------+--------+--------+--------+--------+-----+--------+

Top non-repeatable levels by time:
     D:2: 950 daAuts
     D:1: 891 daAuts
     D:3: 605 daAuts
     D:4: 278 daAuts
